AoeStats
← OmarGutieG

Arabia

506237984Analyzed
2v2 RM · 19d ago on Sep 12, 2026· 37m 1s· 4 players
Game mode
Random Map
Map size
Medium (4 player)
Population
200
Speed
Normal
Resources
Standard
Victory
Conquest
Starting age
Dark Age
Ending age
Imperial Age
RankedLock teamsTeams togetherTeam positionsShared explorationLock speedFull tech treeHidden civsTurbo modeCheats
Victory
Defeat
🇲🇽 Magyars · Mexico
1285
+18
🇲🇽 Ethiopians · Mexico
1275
+18
🇵🇱 Ethiopians · Poland
1328
-18
🇵🇱 Wei · Poland
1327
-18
armigame1
6:14 Loom
9:21 Feudal Age
21:10 Castle Age
19:51 Bloodlines
20:44 Scale Barding Armor
20:55 Double-Bit Axe
22:20 Chain Barding Armor
22:35 Gold Mining
23:56 Gold Shaft Mining
24:47 Bow Saw
31:00 Wheelbarrow
OmarGutieG
6:51 Loom
9:19 Feudal Age
14:34 Fletching
19:24 Padded Archer Armor
24:28 Castle Age
22:42 Double-Bit Axe
23:32 Horse Collar
24:31 Crossbowman
25:21 Bodkin Arrow
28:37 Thumb Ring
Gitan
9:02 Feudal Age
10:14 Double-Bit Axe
11:04 Loom
11:27 Fletching
15:41 Padded Archer Armor
23:15 Castle Age
22:11 Gold Mining
22:04 Horse Collar
23:18 Crossbowman
23:55 Bodkin Arrow
24:07 Thumb Ring
29:15 Wheelbarrow
28:54 Bow Saw
30:13 Gold Shaft Mining
Notevidius
7:11 Loom
9:43 Feudal Age
11:06 Double-Bit Axe
11:25 Horse Collar
18:12 Scale Barding Armor
24:04 Castle Age
23:04 Forging
22:58 Stone Mining
23:00 Gold Mining
23:45 Bloodlines
25:37 Chain Barding Armor
27:42 Gold Shaft Mining
27:20 Bow Saw
27:42 Husbandry
29:51 Wheelbarrow
Connection lost

Rejoining the realm…

Still unreachable

The connection could not be restored.

Session expired

The server has moved on; the page needs a fresh start.